PAAA
TORTOLITA DRUMMERS @ FLORIDA MEN
07/17/2022
 
TOP OF THE 1ST
Tortolita Drummers batting - Pitching for Florida Men : LHP Jim Unknown
Pitching: LHP Jim Unknown
Batting: SHB Mauro López 0-0: Foul Ball, location: 2F
0-1: Bunt for hit - play at first, batter OUT! 4-3
Batting: RHB Jorge Féliz 0-0: Called Strike
0-1: Fly out, F8 (Line Drive, 8RM)
Batting: RHB Lonnie Conrad 0-0: Called Strike
0-1: Swinging Strike
0-2: Ball
1-2: Foul Ball, location: 2F
1-2: Ball
2-2: Foul Ball, location: 2F
2-2: Foul Ball, location: 2F
2-2: Fly out, F9 (Flyball, 89M)
Top of the 1st over - 0 run(s), 0 hit(s), 0 error(s), 0 left on base; Tortolita 0 - Florida 0
BOTTOM OF THE 1ST
Florida Men batting - Pitching for Tortolita Drummers : RHP Luis Ríos
Pitching: RHP Luis Ríos
Batting: RHB Albert Morales 0-0: Ball
1-0: Called Strike
1-1: Fly out, F7 (Flyball, 7M)
Batting: RHB Won-min Yi 0-0: Ball
1-0: Ball
2-0: Swinging Strike
2-1: Ball
3-1: Called Strike
3-2: SINGLE (Groundball, 6MD) (infield hit)
Batting: RHB Jim Unknown 0-0: Ball
1-0: SINGLE (Groundball, 13) (infield hit)
Won-min Yi to second
Batting: RHB Carlos Rodríguez 0-0: Called Strike
0-1: 3-RUN HOME RUN (Flyball, 78XD), Distance : 429 ft
Batting: RHB Frank Collins 0-0: Ball
1-0: Called Strike
1-1: Called Strike
1-2: Strikes out swinging
Batting: RHB Jim Unknown 0-0: Ball
1-0: Ball
2-0: Ball
3-0: Called Strike
3-1: Base on Balls
Batting: LHB Mito Rin 0-0: Swinging Strike
0-1: Ball
1-1: Ball
2-1: Swinging Strike
2-2: Ball
3-2: Ground out 3-1 (Groundball, 34)
Bottom of the 1st over - 3 run(s), 3 hit(s), 0 error(s), 1 left on base; Tortolita 0 - Florida 3
TOP OF THE 2ND
Tortolita Drummers batting - Pitching for Florida Men : LHP Jim Unknown
Batting: SHB Will Brock 0-0: Ball
1-0: Called Strike
1-1: Ball
2-1: Foul Ball, location: 2F
2-2: Ball
3-2: Foul Ball, location: 2F
3-2: Base on Balls
Batting: SHB Dan Godwin 0-0: Grounds into double play, 6-4-3 (Groundball, 6)
Batting: RHB Jim Harris 0-0: Ball
1-0: Ball
2-0: Ball
3-0: Called Strike
3-1: Base on Balls
Batting: SHB Cedric Fields 0-0: Ball
1-0: Swinging Strike
1-1: Ball
2-1: Ball
3-1: Foul Ball, location: 2F
3-2: SINGLE (Line Drive, 89S)
Jim Harris to second
Jim Harris to third
Batting: LHB Adrián Franco 0-0: Foul Ball, location: 2F
0-1: Ball
1-1: Foul Ball, location: 2F
1-2: Foul Ball, location: 2F
1-2: Ball
2-2: Foul Ball, location: 2F
2-2: Foul Ball, location: 2F
2-2: Fielders Choice at 2nd, U6 (Groundball, 6M)
Top of the 2nd over - 0 run(s), 1 hit(s), 0 error(s), 2 left on base; Tortolita 0 - Florida 3
BOTTOM OF THE 2ND
Florida Men batting - Pitching for Tortolita Drummers : RHP Luis Ríos
Batting: RHB Dave Knight 0-0: Foul Ball, location: 2F
0-1: Foul Ball, location: 2F
0-2: Ball
1-2: Fly out, F9 (Flyball, 9M)
Batting: RHB Seon-keun Kim 0-0: Ball
1-0: Swinging Strike
1-1: Called Strike
1-2: Ball
2-2: DOUBLE (Line Drive, 7LS)
Batting: RHB Albert Morales 0-0: Called Strike
0-1: Called Strike
0-2: Ground out 1-3 (Groundball, 13S)
Seon-keun Kim to third
Batting: RHB Won-min Yi 0-0: Swinging Strike
0-1: 2-RUN HOME RUN (Flyball, 8LXD), Distance : 436 ft
Batting: RHB Jim Unknown 0-0: Ball
1-0: Swinging Strike
1-1: Ball
2-1: Fly out, F8 (Flyball, 89M)
Bottom of the 2nd over - 2 run(s), 2 hit(s), 0 error(s), 0 left on base; Tortolita 0 - Florida 5
TOP OF THE 3RD
Tortolita Drummers batting - Pitching for Florida Men : LHP Jim Unknown
Batting: RHB Nick Reed 0-0: Called Strike
0-1: Ball
1-1: Called Strike
1-2: SINGLE (Line Drive, 34S)
Batting: SHB Mauro López 0-0: Called Strike
0-1: SINGLE (Line Drive, 89S)
Nick Reed to second
Batting: RHB Jorge Féliz 0-0: Swinging Strike
0-1: SINGLE (Line Drive, 4D)
Nick Reed to third
Mauro López to second
Runner from 3rd tries for Home, SAFE, no throw or cutoff
Batting: RHB Lonnie Conrad 0-0: Called Strike
0-1: Ball
1-1: Foul Ball, location: 2F
1-2: Strikes out swinging
Batting: SHB Will Brock 0-0: Ball
1-0: Called Strike
1-1: Ball
2-1: Foul Ball, location: 2F
2-2: Strikes out swinging
Batting: SHB Dan Godwin 0-0: Ball
1-0: SINGLE (Groundball, 56D)
Mauro López to third
Jorge Féliz to second
Runner from 3rd tries for Home, throw and OUT!
Top of the 3rd over - 1 run(s), 4 hit(s), 0 error(s), 2 left on base; Tortolita 1 - Florida 5
BOTTOM OF THE 3RD
Florida Men batting - Pitching for Tortolita Drummers : RHP Luis Ríos
Batting: RHB Carlos Rodríguez 0-0: Foul Ball, location: 2F
0-1: Swinging Strike
0-2: Ball
1-2: Ball
2-2: Foul Ball, location: 2F
2-2: Ground out 4-3 (Groundball, 4)
Batting: RHB Frank Collins 0-0: Called Strike
0-1: Ball
1-1: Swinging Strike
1-2: Ball
2-2: Strikes out swinging
Batting: RHB Jim Unknown 0-0: Called Strike
0-1: Ball
1-1: Foul Ball, location: 2F
1-2: Ball
2-2: Foul Ball, location: 2F
2-2: Ball
3-2: Fly out, F8 (Flyball, 8RS)
Bottom of the 3rd over - 0 run(s), 0 hit(s), 0 error(s), 0 left on base; Tortolita 1 - Florida 5
TOP OF THE 4TH
Tortolita Drummers batting - Pitching for Florida Men : LHP Jim Unknown
Batting: RHB Jim Harris 0-0: Ball
1-0: Ball
2-0: Foul Ball, location: 2F
2-1: Ball
3-1: DOUBLE (Flyball, 78D)
Batting: SHB Cedric Fields 0-0: Ball
1-0: Foul Ball, location: 2F
1-1: Called Strike
1-2: Ground out 6-3 (Groundball, 6)
Batting: LHB Adrián Franco 0-0: Ball
1-0: Ball
2-0: Called Strike
2-1: Foul Ball, location: 2F
2-2: Ball
3-2: SINGLE (Line Drive, 9LS)
Jim Harris to third
Runner from 3rd tries for Home, SAFE, no throw or cutoff
Batting: RHB Nick Reed 0-0: Swinging Strike
0-1: Ball
1-1: Foul Ball, location: 2F
1-2: SINGLE (Groundball, 34D)
Adrián Franco to second
Runner from 2nd tries for 3rd, OUT!
Nick Reed to second
Batting: SHB Mauro López 0-0: Called Strike
0-1: Ball
1-1: Swinging Strike
1-2: Fly out, F8 (Flyball, 8LM)
Top of the 4th over - 1 run(s), 3 hit(s), 0 error(s), 1 left on base; Tortolita 2 - Florida 5
BOTTOM OF THE 4TH
Florida Men batting - Pitching for Tortolita Drummers : RHP Luis Ríos
Batting: LHB Mito Rin 0-0: Ball
1-0: Swinging Strike
1-1: Called Strike
1-2: Ground out 6-3 (Groundball, 6M)
Batting: RHB Dave Knight 0-0: Ball
1-0: Foul Ball, location: 2F
1-1: Ground out 4-3 (Groundball, 4)
Batting: RHB Seon-keun Kim 0-0: DOUBLE (Groundball, 5D)
Batting: RHB Albert Morales 0-0: Ball
1-0: Called Strike
1-1: Ball
2-1: Called Strike
2-2: Reached on Error, E7 (Flyball, 7M)
Seon-keun Kim scores
Batting: RHB Won-min Yi 0-0: Ball
1-0: Ball
2-0: Swinging Strike
2-1: SINGLE (Groundball, 56D) (infield hit)
Albert Morales to third
Batting: RHB Jim Unknown 0-0: Called Strike
0-1: Fly out, F9 (Flyball, 89D)
Bottom of the 4th over - 1 run(s), 2 hit(s), 1 error(s), 2 left on base; Tortolita 2 - Florida 6
TOP OF THE 5TH
Tortolita Drummers batting - Pitching for Florida Men : LHP Jim Unknown
Batting: RHB Jorge Féliz 0-0: Foul Ball, location: 2F
0-1: Called Strike
0-2: Ball
1-2: Ball
2-2: Ball
3-2: Foul Ball, location: 2F
3-2: Strikes out swinging
Batting: RHB Lonnie Conrad 0-0: Called Strike
0-1: Ground out 5-3 (Groundball, 56)
Batting: SHB Will Brock 0-0: Called Strike
0-1: SINGLE (Groundball, 56) (infield hit)
Batting: SHB Dan Godwin 0-0: Swinging Strike
0-1: Ball
1-1: Ball
2-1: Ball
Will Brock is caught stealing 2nd base
Top of the 5th over - 0 run(s), 1 hit(s), 0 error(s), 0 left on base; Tortolita 2 - Florida 6
BOTTOM OF THE 5TH
Florida Men batting - Pitching for Tortolita Drummers : RHP Luis Ríos
Batting: RHB Carlos Rodríguez 0-0: Foul Ball, location: 2F
0-1: SINGLE (Groundball, 6D)
Batting: RHB Frank Collins 0-0: Called Strike
0-1: Ball
1-1: Ball
2-1: Ball
3-1: Foul Ball, location: 2F
3-2: Foul Ball, location: 2F
3-2: Strikes out swinging
Carlos Rodríguez steals 2nd base
Batter strikes out.
Batting: RHB Jim Unknown 0-0: Fly out, F6 (Popup, 6)
Batting: LHB Mito Rin 0-0: DOUBLE (Line Drive, 9LS)
Carlos Rodríguez scores
Pitching: RHP Curt Pennington
Batting: RHB Dave Knight 0-0: Fly out, F9 (Flyball, 89M)
Bottom of the 5th over - 1 run(s), 2 hit(s), 0 error(s), 1 left on base; Tortolita 2 - Florida 7
TOP OF THE 6TH
Tortolita Drummers batting - Pitching for Florida Men : LHP Jim Unknown
Batting: SHB Dan Godwin 0-0: Called Strike
0-1: Fly out, F8 (Flyball, 89M)
Batting: RHB Jim Harris 0-0: Ball
1-0: Ball
2-0: Ball
3-0: Called Strike
3-1: Foul Ball, location: 2F
3-2: Strikes out swinging
Batting: SHB Cedric Fields 0-0: Ball
1-0: Ball
2-0: SINGLE (Line Drive, 89S)
Batting: LHB Adrián Franco 0-0: Ball
1-0: Called Strike
1-1: Foul Ball, location: 2F
1-2: Ball
2-2: Strikes out swinging
Top of the 6th over - 0 run(s), 1 hit(s), 0 error(s), 1 left on base; Tortolita 2 - Florida 7
BOTTOM OF THE 6TH
Florida Men batting - Pitching for Tortolita Drummers : RHP Curt Pennington
Batting: RHB Seon-keun Kim 0-0: Ball
1-0: DOUBLE (Groundball, 5L)
Batting: RHB Albert Morales 0-0: Ball
1-0: Ball
2-0: Called Strike
2-1: Called Strike
2-2: Ball
3-2: Foul Ball, location: 2F
3-2: Base on Balls
Batting: RHB Won-min Yi 0-0: Swinging Strike
0-1: Ball
1-1: Swinging Strike
1-2: Strikes out swinging
Batting: RHB Jim Unknown 0-0: Ball
1-0: Foul Ball, location: 2F
1-1: Ball
2-1: Ball
3-1: Foul Ball, location: 2F
3-2: Grounds into double play, 6-4-3 (Groundball, 6M)
Bottom of the 6th over - 0 run(s), 1 hit(s), 0 error(s), 1 left on base; Tortolita 2 - Florida 7
TOP OF THE 7TH
Tortolita Drummers batting - Pitching for Florida Men : LHP Jim Unknown
Batting: RHB Nick Reed 0-0: Ball
1-0: Called Strike
1-1: Foul Ball, location: 2F
1-2: Fly out, F9 (Flyball, 89M)
Batting: SHB Mauro López 0-0: Fly out, F4 (Line Drive, 4)
Batting: RHB Jorge Féliz 0-0: Ball
1-0: Ground out 1-3 (Groundball, 13)
Top of the 7th over - 0 run(s), 0 hit(s), 0 error(s), 0 left on base; Tortolita 2 - Florida 7
BOTTOM OF THE 7TH
Florida Men batting - Pitching for Tortolita Drummers : RHP Curt Pennington
Batting: RHB Carlos Rodríguez 0-0: Ball
1-0: Ground out 6-3 (Groundball, 6M)
Batting: RHB Frank Collins 0-0: Called Strike
0-1: Foul Ball, location: 2F
0-2: Ball
1-2: Ball
2-2: Strikes out swinging
Batting: RHB Jim Unknown 0-0: Ball
1-0: Ball
2-0: Ball
3-0: Base on Balls
Batting: LHB Mito Rin 0-0: Ball
1-0: Foul Ball, location: 2F
1-1: Ball
2-1: Ball
3-1: Foul Ball, location: 2F
3-2: Strikes out swinging
Bottom of the 7th over - 0 run(s), 0 hit(s), 0 error(s), 1 left on base; Tortolita 2 - Florida 7
TOP OF THE 8TH
Tortolita Drummers batting - Pitching for Florida Men : LHP Jim Unknown
Pitching: RHP Jim Unknown
Batting: RHB Lonnie Conrad 0-0: Ball
1-0: Ball
2-0: SINGLE (Line Drive, 34D)
Batting: SHB Will Brock 0-0: Ball
1-0: Ball
2-0: SINGLE (Groundball, 34D)
Lonnie Conrad to second
Runner from 2nd tries for 3rd, SAFE, no throw or cutoff
Batting: SHB Dan Godwin 0-0: Called Strike
0-1: Swinging Strike
0-2: Strikes out looking
Batting: RHB Jim Harris 0-0: Foul Ball, location: 2F
0-1: Ball
1-1: Ball
2-1: Called Strike
2-2: Ball
3-2: Base on Balls
Will Brock to second
Pitching: RHP Alberto Ríos
Batting: SHB Cedric Fields 0-0: Ball
1-0: Ball
2-0: Grounds into double play, 4-6-3 (Groundball, 4)
Top of the 8th over - 0 run(s), 2 hit(s), 0 error(s), 2 left on base; Tortolita 2 - Florida 7
BOTTOM OF THE 8TH
Florida Men batting - Pitching for Tortolita Drummers : RHP Curt Pennington
Batting: RHB Dave Knight 0-0: Ground out 4-3 (Groundball, 4)
Batting: RHB Seon-keun Kim 0-0: Called Strike
0-1: Ball
1-1: Swinging Strike
1-2: Foul Ball, location: 2F
1-2: Ball
2-2: SINGLE (Line Drive, 6MD)
Batting: RHB Albert Morales 0-0: Ball
1-0: Ball
2-0: Foul Ball, location: 2F
2-1: Ball
3-1: Grounds into double play, 6-4-3 (Groundball, 6)
Bottom of the 8th over - 0 run(s), 1 hit(s), 0 error(s), 0 left on base; Tortolita 2 - Florida 7
TOP OF THE 9TH
Tortolita Drummers batting - Pitching for Florida Men : RHP Alberto Ríos
Pitching: RHP Jim Unknown
Batting: LHB Adrián Franco 0-0: Called Strike
0-1: Foul Ball, location: 2F
0-2: Ground out 3-1 (Groundball, 34)
Batting: RHB Nick Reed 0-0: Ball
1-0: Ball
2-0: Ground out 5-3 (Groundball, 5S)
Batting: SHB Mauro López 0-0: Ball
1-0: Fly out, F9 (Popup, 9S)
Top of the 9th over - 0 run(s), 0 hit(s), 0 error(s), 0 left on base; Tortolita 2 - Florida 7
This league is powered by Out of the Park Baseball, the baseball management simulation game for PC, Mac and Linux
Friday, April 15th, 2016 - OOTP Baseball 16.9 Build 39